[Event "*** Titled Tuesday Blitz"]
[Site "Chess.com"]
[Date "2020.01.07"]
[Round "8"]
[White "TwentyHoursADay"]
[Black "FredyMatsuura"]
[Result "1-0"]
[WhiteElo "2403"]
[BlackElo "2245"]
[TimeControl "180+2"]
[EndTime "14:56:30 PST"]
[Termination "TwentyHoursADay won by checkmate"]

1. c4 Nf6 2. Nc3 e6 3. e4 c5 4. Nf3 Nc6 5. d4 cxd4 6. Nxd4 Bb4 7. Nxc6 bxc6 8. Bd3 d5 9. cxd5 exd5 10. exd5 O-O 11.
O-O Nxd5 12. Nxd5 cxd5 13. Be3 Be6 14. Bd4 Be7 15. Qf3 a5 16. Rad1 Rc8 17. Rfe1 Bc5 18.
Qh5 g6 19. Qe5 Bxd4 20. Qxd4 Qc7 21. Rd2 Qc5 22. Qxc5 Rxc5 23. b3 Ra8 24. f3 Rc3 25. Kf2 a4 26. b4 a3 27. Rb1 Kf8 28. Ke3 Ke7 29. Kd4 Rc7 30. Rc2 Rxc2 31. Bxc2 Kd6 32. b5 Bd7 33. Rb4 Rb8 34. Bd3 Ra8 35. b6 Bc6 36. Bb5 Rb8 37. Bxc6 Kxc6 38. b7 f6 39. f4 f5 40. g3 Kd6 41. Rb6+ Kc7 42. Rb3 Kd6 43. Rb6+ Kc7 44. Kc5 d4 45. Rb3 d3 46.
Rxd3 Rxb7 47. Rxa3 Rb2 48. Ra7+ Kb8 49. Rxh7 Rxa2 50.
Kd6 Ra6+ 51. Ke5 Kc8 52. Re7 Ra2 53. Re6 Rxh2 54. Rxg6 Kd7 55. Kxf5 Ke7 56. Rg7+ Kf8 57. Ra7 Rb2 58. g4 Rb5+ 59. Kg6 Rb6+ 60. Kg5 Rb1 61. f5 Rb5 62. Kg6 Rb3 63. g5 Rb8 64. f6 Kg8 65. Rh7 Rb6 66. Rg7+ Kf8 67. Ra7 Rb8 68. Rh7 Rb6 69.
Rh8# 1-0

[Event "*** Titled Tuesday Blitz"]
[Site "Chess.com"]
[Date "2020.01.07"]
[Round "8"]
[White "VFernandezB"]
[Black "Karina_Ivanova"]
[Result "1-0"]
[WhiteElo "2247"]
[BlackElo "2156"]
[TimeControl "180+2"]
[EndTime "14:56:30 PST"]
[Termination "VFernandezB won by resignation"]

1. g3 Nf6 2. Bg2 e6 3. c4 d5 4. Nf3 Be7 5. O-O O-O 6. d4 dxc4 7.
Ne5 Nc6 8. Nxc6 bxc6 9. Bxc6 Rb8 10. Nc3 Bb7 11. Bxb7 Rxb7 12. e4 c5 13. d5 exd5 14. exd5 Rd7 15. Qe2 Nxd5 16. Nxd5 Rxd5 17. Qxc4 Bf6 18.
Rb1 Rd1 19. Be3 Rxf1+ 20. Kxf1 Qa8 21. Kg1 Rc8 22. b3 Be7 23. Rc1 a5 24. Qb5 Qa7 25. Rc4 g6 26. a3 Rb8 27. Qc6 Rxb3 28. Bxc5 Bxc5 29. Rxc5 Qe7 30. Qd5 Qe1+ 31. Kg2 Rb1 32.
Rc8+ Kg7 33. Qd4+ Kh6 34. Qf4+ Kg7 35. Kh3 Qe6+ 36. Qg4 Qxg4+ 37. Kxg4 Ra1 38. Rc3 Ra2 39. Kf3 f5 40. h4 Kf6 41. Ke3 h6 42. f3 g5 43.
Rc6+ Kg7 44. h5 Rh2 45. Rc5 Rxh5 46. Rxf5 Rh3 47. g4 Rh2 48. Rxa5 Ra2 49. Ke4 Rf2 50. Ra6 Rd2 51. a4 Re2+ 52. Kf5 Re3 53. Ra7+ Kf8 54.
Kg6 Re6+ 55. Kh5 Rf6 56. a5 Kg8 57. a6 Kf8 58. Rh7 Rxa6 59. Rxh6 Ra3 60. Rf6+ Kg7 61.
Rf5 Ra8 62. Kxg5 Ra6 63. Re5 Rg6+ 64. Kf4 Rf6+ 65. Kg3 Kg6 66. f4 Rb6 67. g5 Rc6 68. Kg4 Rc4 69. Re6+ Kf7 70. Rf6+ Kg7 71. Rb6 Ra4 72.
g6 Ra1 73. Kg5 Rg1+ 74. Kf5 Ra1 75. Rb7+ Kg8 76. Kg5 Rg1+ 77. Kf6 1-0

[Event "*** Titled Tuesday Blitz"]
[Site "Chess.com"]
[Date "2020.01.07"]
[Round "8"]
[White "Sebastian"]
[Black "Alexander_Moskalenko"]
[Result "1-0"]
[WhiteElo "2963"]
[BlackElo "2815"]
[TimeControl "180+2"]
[EndTime "14:56:41 PST"]
[Termination "Sebastian won by resignation"]

1. e4 e5 2. Nf3 Nc6 3. Bc4 Nf6 4. d3 Bc5 5. c3 O-O 6. Nbd2 d6 7. O-O a5 8. h3 h6 9. Re1 Be6 10. Bb5 Qb8 11.
Bxc6 bxc6 12. d4 exd4 13. cxd4 Bb4 14. a3 Bxd2 15. Nxd2 a4 16. Re3 Re8 17. Nf1 Bb3 18. Qe1 Qb6 19. Ng3 c5 20. dxc5 Qxc5 21. Bd2 d5 22.
Rc1 Qb6 23. exd5 Bxd5 24. Nf5 Be6 25. Nxg7 Kxg7 26. Bc3 Kh7 27. Bxf6 Rg8 28. Be5 c6 29. Qc3 Rg6 30. Rg3 Rxg3 31. Bxg3 Bd5 32. Qd3+ Kg8 33. Be5 Qd8 34. Qg3+ Qg5 35. Rc3 Kh7 36. Qxg5 hxg5 37. Rc5 Kg6 38. f3 f6 39. Bc3 Kf5 40. Kf2 Ke6 41. Bb4 Kf5 42. Rc2 Re8 43. Rd2 Bc4 44. Bc3 Re6 45. Rd4 Bb5 46. Kg3 Kg6 47. h4 gxh4+ 48.
Kxh4 Kf7 49. g4 Re8 50. Kg3 Re3 51. Rf4 Re6 52. g5 Kg6 53. gxf6 Kf7 54. Rg4 Re8 55.
Rg7+ Ke6 56. Kf4 Bc4 57. Rc7 Bd5 58. Ra7 Rh8 59. Re7+ Kd6 60. Be5+ Kc5 61. Rd7 Rh3 62. Rxd5+ Kxd5 63. f7 Rh4+ 64. Kg5 1-0

[Event "*** Titled Tuesday Blitz"]
[Site "Chess.com"]
[Date "2020.01.07"]
[Round "8"]
[White "Sjakkerntobi"]
[Black "Rhinos1"]
[Result "1/2-1/2"]
[WhiteElo "2274"]
[BlackElo "2142"]
[TimeControl "180+2"]
[EndTime "14:56:47 PST"]
[Termination "Game drawn by repetition"]

1. e4 e5 2. Nf3 Nc6 3. Bb5 a6 4.
Ba4 d6 5. O-O Bd7 6. c3 Nge7 7.
d4 Ng6 8. Re1 Be7 9. Bd2 O-O 10.
h3 f5 11. exf5 Bxf5 12. Bb3+ Kh8 13. dxe5 Ncxe5 14. Nxe5 Nxe5 15. Be3 Bxh3 16. gxh3 Nf3+ 17. Kf1 Nxe1 18. Qxe1 Qd7 19. Kg2 Qc6+ 20. Kh2 Bf6 21. Nd2 Be5+ 22. Kg1 Rf6 23. Bc2 Raf8 24. Be4 d5 25.
Bg2 Qb5 26. Nb3 Rg6 27. Kh1 a5 28. Bc5 Bd6 29. Bxd6 Rxd6 30. Qf1 Qb6 31. Qe2 h6 32. Rf1 c5 33. Nd2 Qxb2 34. Rb1 Qxa2 35. Rxb7 Rg6 36. Bxd5 Qxd5+ 37. Qe4 Qxd2 38. Qxg6 Qe1+ 39. Qg1 Qxg1+ 40.
Kxg1 Rf3 41. Rb5 Rxc3 42. Rxa5 Kh7 43. Kg2 g5 44. Ra7+ Kg6 45. Rc7 Kf5 46. Rc6 h5 47.
Kf1 Kf4 48. Rf6+ Ke5 49. Rg6 Kf5 50. Rc6 Rc2 51. Rc7 h4 52. Rf7+ Ke5 53. Rg7 Kf5 54. Rf7+ Ke5 55. Rg7 Kf6 56. Rc7 Ke5 57. Kg2 c4 58.
Rc5+ Kf4 59. Rc7 Ke4 60. Rg7 Kf5 61. Rf7+ Kg6 62. Rc7 Kf5 63. Rf7+ Kg6 64. Rc7 Rc1 65. Kf3 Kf6 66. Rc6+ Kf5 67. Rc5+ Kg6 68. Rc6+ Kf5 69. Rc5+ Kg6 70. Kg4 Rg1+ 71. Kf3 Rc1 1/2-1/2

[Event "*** Titled Tuesday Blitz"]
[Site "Chess.com"]
[Date "2020.01.07"]
[Round "8"]
[White "viktorskliarov"]
[Black "snowlord"]
[Result "1/2-1/2"]
[WhiteElo "2623"]
[BlackElo "2764"]
[TimeControl "180+2"]
[EndTime "14:56:57 PST"]
[Termination "Game drawn by repetition"]

1. e4 c5 2. Nf3 d6 3. d4 cxd4 4. Qxd4 Nf6 5. Nc3 Bd7 6. e5 Nc6 7. Qf4 dxe5 8. Nxe5 Nxe5 9. Qxe5 a6 10. Be2 e6 11. Bf3 Qc8 12. g4 Bc6 13. Bxc6+ Qxc6 14. Rg1 Bd6 15. Qe2 O-O-O 16. Bd2 Bxh2 17. Rf1 Nd5 18. O-O-O Bf4 19. Bxf4 Nxf4 20. Qe5 Qc4 21. Qxg7 f5 22. gxf5 exf5 23. Qe5 Rhf8 24. Rxd8+ Rxd8 25. Qxf5+ Kb8 26. Re1 h5 27. Qe5+ Ka7 28. b3 Qd4 29. Qxd4+ Rxd4 30. Re7 h4 31. Rh7 h3 32. a4 Rd6 33. a5 Rg6 34. Rh4 Rf6 35. Kb2 Kb8 36. Rh7 Rg6 37.
Rh4 Rf6 38. Ne4 Rf8 39. Ng5 Rf5 40. Nxh3 Nxh3 41. Rxh3 Rxf2 42. b4 Rf5 43. Kb3 Kc7 44. Rh6 Rf3+ 45. c3 Rg3 46. Rb6 Rh3 47. Re6 Rg3 48.
Kc4 Rh3 49. Kd4 Kd7 50. Re4 Kc7 51. c4 Rh5 52. Re5 Rh6 53. b5 axb5 54. cxb5 Rh1 55. Re7+ Kb8 56. Kd5 Rh8 57. Rd7 Rh5+ 58. Kc4 Rh8 59. Kc5 Rh5+ 60. Rd5 b6+ 61. axb6 Rh8 62. Rd6 Rc8+ 63. Rc6 Rh8 64. Rc7 Rh5+ 65. Kb4 Rh1 66. Rg7 Rb1+ 67. Kc5 Rc1+ 68. Kd5 Rd1+ 69. Kc5 Rc1+ 70.
Kb4 Rb1+ 71. Kc5 Rc1+ 1/2-1/2

[Event "*** Titled Tuesday Blitz"]
[Site "Chess.com"]
[Date "2020.01.07"]
[Round "8"]
[White "maciek_92"]
[Black "FairChess_on_YouTube"]
[Result "0-1"]
[WhiteElo "2815"]
[BlackElo "2995"]
[TimeControl "180+2"]
[EndTime "14:56:59 PST"]
[Termination "FairChess_on_YouTube won on time"]

1. c4 g6 2. Nc3 Bg7 3. g3 c5 4.
Bg2 Nh6 5. e4 Nc6 6. Nge2 d6 7.
d3 Bd7 8. h3 O-O 9. Be3 f5 10.
Qd2 Nf7 11. O-O Rb8 12. f4 a6 13. Rae1 b5 14. b3 b4 15. Nd1 e5 16. exf5 gxf5 17.
fxe5 Ncxe5 18. d4 cxd4 19. Nxd4 Qc8 20. Nf2 Kh8 21. Kh2 Qc7 22. Nd3 Nxd3 23. Qxd3 Ne5 24. Qc2 Qc8 25. Rd1 Ng6 26. Ne2 Qc7 27. Nf4 Rbe8 28.
Bd4 Bc8 29. Bxg7+ Qxg7 30. Rxd6 Re3 31. Qd2 Qc3 32. Qxc3+ bxc3 33. Nd5 Rd3 34. Rc1 f4 35. Rxg6 f3 36. Rf6 Rxf6 37. Nxf6 Rd2 38. Rxc3 fxg2 39.
Nd5 Bxh3 40. Rc1 Bg4 41. Rg1 Bf3 42. Nf4 Rxa2 43. Nxg2 Rb2 44. Kh3 Rxb3 45. Nf4 Rc3 46. Ra1 Bb7 47. Rb1 Bc8+ 48. Kh4 Rxc4 49. Rb8 Kg7 50.
Ra8 Kf6 51. Ra7 Rc1 52. Nh5+ Ke5 53. Rxh7 a5 54. Ra7 Rc4+ 55. Nf4 a4 56. Kg5 Kd4 57.
g4 Kc5 58. Ra8 Bb7 59. Nd3+ Kd4 60. Rd8+ Kc3 61. Ne5 Rc5 62. Kf4 a3 63. Rd1 Kc2 64. Re1 Rc3 65. g5 a2 66. g6 Bd5 67.
g7 Ra3 0-1

[Event "*** Titled Tuesday Blitz"]
[Site "Chess.com"]
[Date "2020.01.07"]
[Round "8"]
[White "MarcoRiehle"]
[Black "Hrant_ChessMood"]
[Result "1-0"]
[WhiteElo "2692"]
[BlackElo "2929"]
[TimeControl "180+2"]
[EndTime "14:57:22 PST"]
[Termination "MarcoRiehle won by resignation"]

1. e4 c6 2. c4 d5 3. exd5 cxd5 4. cxd5 Nf6 5. Nc3 g6 6. Bc4 Bg7 7. Nf3 O-O 8. O-O a6 9. a4 b6 10. d3 Bb7 11. Qb3 Nbd7 12. Be3 Ng4 13. Rfe1 Nxe3 14. fxe3 Nc5 15. Qa3 Bxc3 16. Qxc3 Bxd5 17. b4 Ne6 18. Bxd5 Qxd5 19. Qc4 Qxc4 20. dxc4 a5 21. Reb1 axb4 22. Rxb4 Ra6 23. Nd4 Nc5 24. Nb3 Rc8 25. Nxc5 Rxc5 26. Kf2 Kg7 27. Ke2 h5 28. Kd3 h4 29. Rb5 Rc8 30. a5 bxa5 31. Raxa5 Rf6 32. Rb2 Rf1 33. Rc2 Rd1+ 34. Ke2 Rd6 35. c5 Re6 36. Ra4 g5 37. Rd4 Kg6 38. Kd3 Ra6 39. Rb4 e6 40. Rb6 Ra3+ 41. Ke2 Kf6 42. c6 Ra7 43. Kd3 Ke5 44. Rb5+ Kf6 45. Rb7 Ra5 46. e4 Ke5 47. c7 Kd6 48.
Rb4 Ke7 49. Rbc4 Ra6 50. Ke3 Rd6 51. Kf3 Rd7 52. Kg4 Kf6 53. e5+ Kg6 54. g3 hxg3 55.
hxg3 Rd5 56. Rc5 Rd4+ 57. Kf3 Rd7 58. Ke4 Kh5 59. R2c3 Kg4 60. Rc6 Rd5 61. R6c4 Rd1 62. Ke3+ Kf5 63. Rd4 Rxd4 64. Kxd4 g4 65. Rc2 Kg5 66.
Rc3 Kf5 67. Rc6 f6 68. exf6 Kxf6 69. Kc5 Ke7 70. Kb6 Kd7 71. Kb7 e5 72. Rc1 Rf8 73.
c8=Q+ Rxc8 74. Rxc8 Kd6 75. Rg8 e4 76. Rxg4 Ke5 77. Rg8 Kd4 78. Re8 e3 79. g4 1-0

[Event "*** Titled Tuesday Blitz"]
[Site "Chess.com"]
[Date "2020.01.07"]
[Round "8"]
[White "Gareth-Bale11"]
[Black "GMKrikor"]
[Result "1-0"]
[WhiteElo "2742"]
[BlackElo "2853"]
[TimeControl "180+2"]
[EndTime "14:57:23 PST"]
[Termination "Gareth-Bale11 won by resignation"]

1. d4 Nf6 2. c4 e6 3. Nf3 d5 4.
Nc3 a6 5. cxd5 exd5 6. Bg5 Be6 7.
Bxf6 Qxf6 8. Qb3 b5 9. a4 b4 10. Nxd5 Qd8 11. e4 c6 12. Qe3 cxd5 13. exd5 Qxd5 14.
Rc1 Be7 15. Bd3 Ra7 16. Be4 Qb3 17. Rc8+ Bd8 18. Qxb3 Bxb3 19. Rxb8 Bxa4 20. O-O O-O 21. Rxb4 Bb5 22. Ra1 Rc7 23. Rb3 Bf6 24. Bd3 Bxd3 25. Rxd3 Rb8 26. b3 Rc6 27. Kf1 g6 28. Ra2 Rb5 29.
Ke2 Kg7 30. g3 h5 31. h4 Rcb6 32. Nd2 Rd6 33. Ne4 Re6 34. Ke3 Bd8 35. d5 Re8 36. Kf3 Re5 37. d6 Rf5+ 38. Kg2 a5 39. Rc2 Rb4 40. Nd2 Bf6 41. Rc8 Rbb5 42. Nc4 Rfd5 43. Rxd5 Rxd5 44. Ra8 Bc3 45. Kf3 Kf6 46. Ke4 Rd4+ 47.
Ke3 Rd5 48. f4 Bb4 49. Ke4 Rd1 50. Ra7 Ke6 51. Re7+ Kf6 52. Ne5 Bxd6 53. Rxf7+ Ke6 54. Rg7 Bxe5 55. fxe5 Re1+ 56. Kf4 Rf1+ 57. Kg5 Rf5+ 58. Kh6 Rxe5 59. Rxg6+ Kf7 60. Rg5 Re3 61. Kxh5 Rxb3 62. g4 a4 63. Ra5 a3 64. Kg5 Kg7 65. h5 Kg8 66. h6 Kh8 67. Ra8+ Kh7 68. Ra7+ Kh8 69.
Ra6 Kh7 70. Kh5 Rh3+ 71. Kg5 Rb3 72. Ra7+ Kh8 73. Kg6 Rb6+ 74. Kh5 Rc6 75. g5 Rb6 76. Ra8+ Kh7 77. g6+ 1-0

[Event "*** Titled Tuesday Blitz"]
[Site "Chess.com"]
[Date "2020.01.07"]
[Round "8"]
[White "MathiasWomacka"]
[Black "SirMittensofMittensville"]
[Result "1-0"]
[WhiteElo "2385"]
[BlackElo "2549"]
[TimeControl "180+2"]
[EndTime "14:57:38 PST"]
[Termination "MathiasWomacka won by resignation"]

1. e4 e5 2. Nf3 Nc6 3. Bc4 Bc5 4. O-O Nf6 5. d3 O-O 6. h3 d5 7.
exd5 Nxd5 8. Re1 Nb6 9. Bb3 h6 10. a4 a5 11. Nc3 Re8 12. Nb5 Bf5 13. Be3 Bb4 14. c3 Bf8 15. d4 e4 16. Nd2 Qd7 17. Bf4 Rac8 18. Bg3 Bd6 19. Nxd6 cxd6 20. d5 Nb8 21.
Nf1 Na6 22. Bc2 Nc5 23. Ne3 Bg6 24. Qd4 f5 25. Bf4 Bf7 26. h4 Bg6 27. Ra3 Kh7 28.
b4 axb4 29. cxb4 Ncxa4 30. Rea1 Rxc2 31. Nxc2 Rc8 32. Ne3 Bf7 33. Qd2 Bg6 34. Rc1 Bf7 35. Rxc8 Qxc8 36. Bxd6 Qd8 37. Be5 Qxh4 38. Qd4 Qg5 39.
g3 Qg6 40. d6 Be8 41. Ra1 Bd7 42. Rc1 Qf7 43. Rc7 Qe6 44. Bxg7 Kg6 45. Bh8 Qf7 46. Qe5 Kh5 47. Bf6 Kg6 48. Be7 Kh5 49. g4+ Kg6 50. gxf5+ Bxf5 51. Nxf5 Qxf5 52. Qxf5+ Kxf5 53. Rxb7 Ke6 54. Bd8 Nd7 55. Be7 Nc3 56. Kg2 Nd5 57. Kg3 Nc3 58. Kg4 Nd5 59. Kh5 Nf4+ 60. Kxh6 Nd3 61.
Bh4 Kxd6 62. Bg3+ Ke6 63. Kg5 Nb2 64. b5 Nc4 65. Kf4 Nf6 66. Bh4 Nd5+ 67. Kg4 Ne5+ 68.
Kg3 Nc4 69. Rb8 Nd6 70. Bg5 Nc4 71. Bf4 Na5 72. Ra8 Nc4 73. Ra6+ Kf5 74. Bc1 Ke5 75. Rc6 Na5 76. Bb2+ Kf5 77. Ra6 Nc4 78. Bd4 Nb4 79. Ra7 Nd5 80. Rd7 Nf4 81. b6 Na5 82. b7 Nxb7 83.
Rf7+ Kg5 84. Rxf4 Nd6 85. Rf8 Nf5+ 86. Rxf5+ Kxf5 87. Be3 1-0

[Event "*** Titled Tuesday Blitz"]
[Site "Chess.com"]
[Date "2020.01.07"]
[Round "8"]
[White "wild_cat99"]
[Black "riconaipe"]
[Result "1/2-1/2"]
[WhiteElo "2422"]
[BlackElo "2570"]
[TimeControl "180+2"]
[EndTime "14:57:58 PST"]
[Termination "Game drawn - insufficient material"]

1. e4 c6 2. d4 d5 3. Nc3 dxe4 4. Nxe4 Nf6 5. Nxf6+ exf6 6. c3 Bd6 7.
Bd3 O-O 8. Ne2 Re8 9. O-O Bg4 10. f3 Bh5 11. Bf4 Bg6 12. Bxg6 hxg6 13. Qd2 Rxe2 14.
Qxe2 Bxf4 15. Qe4 Bd6 16. c4 Nd7 17. c5 Bc7 18. b4 Nf8 19. Rad1 f5 20. Qd3 Qd5 21. Qb3 Rd8 22. Qxd5 Rxd5 23. Rd3 Ne6 24.
Rfd1 a6 25. g3 g5 26. a3 g4 27. f4 g5 28. fxg5 Nxg5 29. Kg2 Ne4 30. Rf1 Bd8 31. h3 gxh3+ 32. Kxh3 Bf6 33. Rf4 Bxd4 34. Kg2 Be5 35. Rxd5 cxd5 36. Rxf5 f6 37. Rf1 Kf7 38. g4 Ke6 39.
Re1 Ng5 40. Kf2 d4 41. Ke2 Kd5 42. Kd3 Nh3 43. Rf1 Nf4+ 44. Kd2 d3 45. Ke3 Kc4 46.
Rc1+ Bc3 47. Kxf4 d2 48. Rh1 Kd3 49. Kf3 Bb2 50. a4 Ba3 51. b5 axb5 52. axb5 Bxc5 53. Rd1 b6 54. Rh1 Be3 55. Rd1 Bg5 56. Rh1 Bh4 57. Rd1 Be1 58. Ra1 Kc4 59. Ke2 Kxb5 60. Rb1+ Kc5 61.
Rb3 b5 62. Rf3 Bh4 63. Rf5+ Kc4 64. Kxd2 b4 65. Rf4+ Kb3 66. Kd3 Bg5 67. Rc4 Bh4 68. Rc6 Bg5 69. Rb6 Bh4 70. Rb7 Bg5 71. Kd4 Bh4 72.
Kc5 Bf2+ 73. Kb5 Kc3 74. Ka4 Bc5 75. Rb5 Kc4 76. Rb7 Bd6 77. Rb6 Kd5 78. Rb5+ Ke4 79. Rf5 Be7 80. Rb5 Kf4 81. Rb6 Kxg4 82. Re6 Bd8 83. Kxb4 f5 84. Re5 f4 85. Re4 Kf3 86. Rxf4+ Kxf4 1/2-1/2

[Event "*** Titled Tuesday Blitz"]
[Site "Chess.com"]
[Date "2020.01.07"]
[Round "8"]
[White "Gordima"]
[Black "wonderfultime"]
[Result "1/2-1/2"]
[WhiteElo "2811"]
[BlackElo "2948"]
[TimeControl "180+2"]
[EndTime "14:58:06 PST"]
[Termination "Game drawn by stalemate"]

1. d4 d5 2. c4 c6 3. Nc3 Nf6 4. e3 a6 5. Nf3 Bf5 6. cxd5 cxd5 7. Ne5 e6 8. Qb3 b5 9. Bd2 Nfd7 10. Nd3 Nc6 11.
Qd1 Bd6 12. Rc1 Rc8 13. Be2 O-O 14. O-O Na5 15. b3 Qb6 16. Be1 Rc7 17. b4 Nc4 18. Nc5 Nf6 19. a4 Rd8 20. axb5 axb5 21. Ra1 Bxc5 22.
bxc5 Qc6 23. Qb3 Rb7 24. Na2 e5 25. Nb4 Qe6 26. Ra6 Qc8 27. Bc3 Ne4 28. Rfa1 exd4 29. exd4 Qc7 30. Be1 h6 31. Ra8 Kh7 32. Qf3 Bg6 33. Qh3 Ng5 34. Qg3 Rxa8 35. Rxa8 Qe7 36.
Kf1 Ne4 37. Qf4 Rd7 38. Qb8 Bf5 39. Qf4 Qf6 40. f3 Ng5 41. g4 g6 42. gxf5 gxf5 43.
Qb8 Qg7 44. Qg3 Re7 45. Nxd5 Qxd4 46. Nxe7 Ne3+ 47. Kg1 f4 48. Qh4 Nf5+ 49. Qf2 Nh3+ 50.
Kg2 Nxf2 51. Nxf5 Qxc5 52. Bxf2 Qxf5 53. Ra5 Qg6+ 54. Kf1 Qb1+ 55. Be1 b4 56. Rd5 Kg7 57. Bd3 Qa2 58. Rb5 b3 59. Bc4 Qxh2 60. Rxb3 Qh1+ 61. Ke2 Qg2+ 62. Bf2 Qg6 63. Rb2 Qc6 64. Bd3 h5 65. Rb1 Qe6+ 66. Kf1 h4 67. Re1 Qh3+ 68. Ke2 Kf6 69. Rg1 Qe6+ 70. Be4 h3 71. Bh4+ Ke5 72. Rg5+ f5 73. Kf2 Qa2+ 74. Kg1 Kd4 75. Bxf5 h2+ 76. Kh1 Qe2 77. Be4 Ke3 78. Rg2 Qd1+ 79. Kxh2 Kd4 80. Bf2+ Ke5 81. Rg5+ Ke6 82. Rg6+ Ke5 83. Kg2 Qh1+ 84.
Kxh1 1/2-1/2

[Event "*** Titled Tuesday Blitz"]
[Site "Chess.com"]
[Date "2020.01.07"]
[Round "8"]
[White "Colombiano07"]
[Black "boasovietica"]
[Result "1-0"]
[WhiteElo "2186"]
[BlackElo "2446"]
[TimeControl "180+2"]
[EndTime "14:58:25 PST"]
[Termination "Colombiano07 won by checkmate"]

1. d4 d6 2. e4 g6 3. Nf3 Bg7 4.
Nc3 Nf6 5. h3 c5 6. dxc5 Qa5 7.
cxd6 Nxe4 8. dxe7 Nxc3 9. bxc3 Qxc3+ 10. Ke2 Nc6 11. Rb1 Be6 12. Qd2 Qc5 13. Rxb7 Nxe7 14. Kd1 O-O 15. Qb4 Rad8+ 16. Bd3 Qxf2 17. Qd2 Qc5 18.
Qb4 Qxb4 19. Rxb4 Nd5 20. Rb7 Rfe8 21. Bd2 Nc3+ 22. Bxc3 Bxc3 23. Rxa7 Rb8 24. Kc1 Rb2 25. Nd2 Bxa2 26. Ra3 Bf6 27. c4 Reb8 28. Re1 Bg5 29. Re8+ Kg7 30. Rxb8 Rxd2 31. Rxa2 Rxa2+ 32. Kb1 Rxg2 33. c5 Rg3 34. Kc2 Rxh3 35. c6 Bf4 36. Rb7 Rh5 37.
Bc4 Rc5 38. Rxf7+ Kh6 39. Rxf4 Rxc6 40. Kd3 Kg5 41. Rd4 h5 42. Ke3 Rb6 43. Kf3 Rb4 44.
Kg3 Kh6 45. Re4 Ra4 46. Kh4 g5+ 47. Kg3 Ra3+ 48. Kf2 g4 49. Be6 Kg5 50. Kg2 Rc3 51. Re5+ Kh4 52. Re2 Rg3+ 53. Kf2 Rf3+ 54. Kg1 Rf6 55.
Re3 Kg5 56. Kg2 h4 57. Re4 h3+ 58. Kg1 g3 59. Bxh3 Rf3 60. Kg2 Ra3 61. Bg4 Kh4 62.
Bf3+ Kg5 63. Kxg3 Rc3 64. Re5+ Kf6 65. Rb5 Ra3 66. Kf4 Ke6 67. Rb6+ Kd7 68. Bd5 Rc3 69. Ke5 Rg3 70. Rb7+ Kc8 71. Re7 Rg5+ 72. Kd6 Rg6+ 73.
Kc5 Kd8 74. Rh7 Rf6 75. Kd4 Rg6 76. Ke5 Rg5+ 77. Kd6 Rg6+ 78. Be6 Rh6 79. Rxh6 Ke8 80.
Rh8# 1-0

[Event "*** Titled Tuesday Blitz"]
[Site "Chess.com"]
[Date "2020.01.07"]
[Round "8"]
[White "otrov-11"]
[Black "shanemelaughcm"]
[Result "1-0"]
[WhiteElo "2422"]
[BlackElo "2282"]
[TimeControl "180+2"]
[EndTime "14:58:58 PST"]
[Termination "otrov-11 won by resignation"]

1. d4 e6 2. e4 c5 3. d5 exd5 4.
exd5 d6 5. Nc3 Be7 6. Bb5+ Bd7 7. a4 Nf6 8. Nf3 O-O 9. O-O a6 10. Bd3 b6 11. h3 Qc8 12. Bf4 Bf5 13. Re1 Re8 14.
Qd2 Bxd3 15. Qxd3 Nbd7 16. Ng5 Nf8 17. Re2 Ng6 18. Bh2 Bf8 19. Rae1 Qb7 20. Qf5 h6 21. Nge4 Nxe4 22. Nxe4 Rad8 23. Nf6+ gxf6 24. Rxe8 Rxe8 25. Rxe8 Kg7 26. Bf4 b5 27. h4 h5 28. Qxh5 Nxf4 29. Qg4+ Ng6 30. h5 Qxd5 31. hxg6 fxg6 32. Qd7+ Qf7 33.
Qxf7+ Kxf7 34. Ra8 bxa4 35. Rxa6 Ke6 36. Rxa4 f5 37.
c4 Bg7 38. b3 Be5 39. Kf1 g5 40. Ke2 Bd4 41. f3 Ke5 42. Ra6 Bc3 43. Kd3 Bd4 44.
Ra8 Kf4 45. Rd8 Be5 46. Ke2 Kg3 47. Kf1 Kf4 48. Kf2 Bd4+ 49. Ke2 Be5 50. Rg8 g4 51.
fxg4 fxg4 52. Kf2 Bd4+ 53. Ke2 Be5 54. Rb8 Kg3 55. Kf1 Kf4 56. Kf2 Bd4+ 57. Ke2 Be5 58. b4 cxb4 59. Rxb4 Kg3 60. Kf1 Bd4 61. Rb3+ Kf4 62.
Ke2 Bc5 63. Rd3 Bb4 64. Rd5 Bc5 65. Rd3 Bb4 66. Rb3 Bc5 67. Kd3 Kg3 68. Rb2 Kh2 69. Ke4 Kg3 70. Kf5 Bd4 71. Rd2 Bc5 72. Rd3+ Kh4 73.
Rd1 Kg3 74. Rd2 Bb4 75. Re2 Bc5 76. Re4 Kxg2 77. Kxg4 Kf2 78. Kf5 Kf3 79. Rh4 Ke3 80.
Ke6 Kd3 81. Kd5 Kc3 82. Rh1 Kb4 83. Rb1+ Ka5 84. Rb5+ Ka6 85. Rxc5 dxc5 86. Kxc5 Kb7 87.
Kd6 Kc8 88. Kc6 Kb8 89. Kd7 Kb7 90. c5 Ka6 91. c6 Kb5 92. c7 Kc5 93. c8=Q+ Kd5 94.
Qc6+ Ke5 95. Qd6+ Kf5 96. Qe6+ Kg5 97. Ke7 Kh5 98. Qg8 Kh4 99. Kf6 Kh3 100. Kf5 1-0

[Event "*** Titled Tuesday Blitz"]
[Site "Chess.com"]
[Date "2020.01.07"]
[Round "9"]
[White "NTBT_DHS"]
[Black "Incognito_Knight"]
[Result "1-0"]
[WhiteElo "2641"]
[BlackElo "2739"]
[TimeControl "180+2"]
[EndTime "15:01:04 PST"]
[Termination "NTBT_DHS won by resignation"]

1. e4 e5 2. Nf3 Nc6 3. Bc4 Bc5 4. d4 Bxd4 5. Nxd4 Nxd4 6. O-O Nf6 7. Bg5 d6 8. f4 exf4 9. Qxd4 Be6 10. Rxf4 Bxc4 11. Qxc4 Qe7 12. Bxf6 gxf6 13. Nc3 c6 14. Raf1 O-O-O 15. Rxf6 Rhg8 16. Qxf7 Qe5 17. Qe6+ 1-0

[Event "*** Titled Tuesday Blitz"]
[Site "Chess.com"]
[Date "2020.01.07"]
[Round "9"]
[White "Hadza_3"]
[Black "ShahMatKanal"]
[Result "1/2-1/2"]
[WhiteElo "2405"]
[BlackElo "2539"]
[TimeControl "180+2"]
[EndTime "15:01:32 PST"]
[Termination "Game drawn by agreement"]

1. e4 c5 2. Nc3 Nc6 3. Bc4 e5 4.
d3 d6 5. f4 exf4 6. Bxf4 Nge7 7.
Nf3 Ng6 8. Bg3 Be7 9. O-O O-O 10. Nd5 Be6 11. Nxe7+ Qxe7 12. Bb3 Nge5 1/2-1/2

[Event "*** Titled Tuesday Blitz"]
[Site "Chess.com"]
[Date "2020.01.07"]
[Round "9"]
[White "Eliwood44"]
[Black "karwowskikacper"]
[Result "1-0"]
[WhiteElo "2363"]
[BlackElo "2425"]
[TimeControl "180+2"]
[EndTime "15:01:34 PST"]
[Termination "Eliwood44 won by resignation"]

1. Nf3 Nf6 2. e3 b6 3. d4 Bb7 4. Bd3 g6 5. O-O Bg7 6. c4 O-O 7. Nc3 d6 8. e4 Nbd7 9. h3 e5 10. d5 a5 11. b3 Qe7 12. a3 Nh5 13.
Bg5 f6 14. Be3 Nf4 15. Qd2 f5 16. Bxf4 exf4 17. exf5 Nc5 18. Rae1 Qf6 19. Ne4 Qxf5 20. Nxc5 1-0

[Event "*** Titled Tuesday Blitz"]
[Site "Chess.com"]
[Date "2020.01.07"]
[Round "9"]
[White "Chimpinha"]
[Black "secretsuperstar7"]
[Result "1-0"]
[WhiteElo "2395"]
[BlackElo "2249"]
[TimeControl "180+2"]
[EndTime "15:02:31 PST"]
[Termination "Chimpinha won by resignation"]

1. d4 Nf6 2. c4 e6 3. Nc3 d5 4. Bg5 Bb4 5. cxd5 exd5 6. e3 h6 7. Bh4 c6 8. Bd3 O-O 9. Nf3 Nbd7 10. O-O Re8 11. Qc2 Qc7 12. Bg3 Bd6 13. Nb5 cxb5 14. Qxc7 Bxc7 15. Bxc7 a6 16. Rac1 Nf8 17. Rc2 Bg4 18.
Ne5 Bd7 19. Rfc1 Ne6 20. Bb6 Rac8 21. Nxd7 Rxc2 22. Nxf6+ gxf6 23. Rxc2 1-0

[Event "*** Titled Tuesday Blitz"]
[Site "Chess.com"]
[Date "2020.01.07"]
[Round "9"]
[White "enzovsky"]
[Black "Perecke"]
[Result "1-0"]
[WhiteElo "2263"]
[BlackElo "2171"]
[TimeControl "180+2"]
[EndTime "15:02:59 PST"]
[Termination "enzovsky won by checkmate"]

1. e4 c5 2. Nf3 e6 3. d4 cxd4 4. Nxd4 Nc6 5. Nc3 Qc7 6. Be3 a6 7. Qd2 Nf6 8. f3 Be7 9. O-O-O b5 10. Kb1 Bb7 11. g4 O-O 12. g5 Ne8 13. h4 b4 14.
Na4 Rd8 15. g6 d5 16. gxf7+ Kxf7 17. Nxe6 Kxe6 18. Bb6 dxe4 19. Bc4+ Kf6 20. Qg5# 1-0

[Event "*** Titled Tuesday Blitz"]
[Site "Chess.com"]
[Date "2020.01.07"]
[Round "9"]
[White "HrvojeZagreb"]
[Black "Mikasinski"]
[Result "1-0"]
[WhiteElo "2232"]
[BlackElo "2281"]
[TimeControl "180+2"]
[EndTime "15:03:28 PST"]
[Termination "HrvojeZagreb won by resignation"]

1. d4 Nf6 2. Bf4 g6 3. Nc3 Bg7 4. e4 O-O 5. Qd2 d6 6. O-O-O b6 7. Bh6 Bb7 8. f3 Nbd7 9. h4 e5 10. Nge2 exd4 11. Nxd4 Qe7 12. h5 a6 13. Bxg7 Kxg7 14. hxg6 fxg6 15. Bc4 Kh8 16. Ne6 Rfc8 17. Ng5 Ne5 18. Bb3 b5 19. f4 Nc4 20. Bxc4 bxc4 21. Qd4 h5 22. g4 c5 23. Qxd6 Qxd6 24. Rxd6 Nxg4 25. Rxg6 1-0

[Event "*** Titled Tuesday Blitz"]
[Site "Chess.com"]
[Date "2020.01.07"]
[Round "9"]
[White "lupta_robin"]
[Black "Er_is_geen_hoop_meer"]
[Result "0-1"]
[WhiteElo "2526"]
[BlackElo "2462"]
[TimeControl "180+2"]
[EndTime "15:04:01 PST"]
[Termination "Er_is_geen_hoop_meer won by resignation"]

1. b3 h5 2. Bb2 h4 3. e4 a5 4. a4 Na6 5. d4 d5 6. exd5 Qxd5 7.
Nc3 Qe6+ 8. Nge2 h3 9. g3 Nb4 10. Qd2 Qc6 11. d5 Qg6 12. O-O-O Bf5 13. Nd4 Nf6 14. Bb5+ Kd8 15. Qf4 Bxc2 16. Ne6+ fxe6 17. dxe6+ Bxd1 18. Rxd1+ Kc8 19. Bd7+ Kb8 20. Qxc7+ Kxc7 21. Nb5+ Kd8 22. Be8+ Nd3+ 23. Kc2 Rc8+ 24. Bc3 Kxe8 25. Rxd3 Ng4 26. Kd2 Nxh2 27. Bxa5 Nf1+ 28. Ke2 Rc2+ 29. Ke1 Qe4+ 30. Re3 Rc1+ 31. Ke2 Qc2+ 32. Kf3 Nh2+ 33. Kf4 g5+ 0-1